 Dungeon Crawl Stone Soup version 0.20.1-1-g8b1a95d (webtiles) character file.

200 Jazqa the Ruffian (level 5, -3/45 HPs)
             Began as a Draconian Transmuter on Oct 30, 2017.
             Slain by Natasha (7 damage)
             ... on level 2 of the Dungeon.
             The game lasted 00:04:51 (2443 turns).

Jazqa the Ruffian (Draconian Transmuter)            Turns: 2443, Time: 00:04:52

Health: -3/45      AC:  8    Str: 13    XL:     5   Next: 49%
Magic:  8/8        EV: 12    Int: 13    God:
Gold:   67         SH:  0    Dex: 12    Spells: 6/9 levels left

rFire    . . .     SeeInvis .     - Unarmed
rCold    . . .     Gourm    .   (no shield)
rNeg     . . .     Faith    .   (armour unavailable)
rPois    .         Spirit   .   (helmet restricted)
rElec    .         Reflect  .   (no cloak)
rCorr    .         Harm     .   (no gloves)
MR       .....                  (no boots)
Stlth    ++........             (no amulet)
Regen    0.2/turn               O - +3 ring of protection
MPRegen  0.2/turn               Q - ring of stealth

@: appendage (expiring), slowed, very slow
A: unfitting armour, horns 2, cold-blooded, AC +5
a: End Transformation


You were on level 2 of the Dungeon.
You were not hungry.
You had grown temporary horns.
You visited 1 branch of the dungeon, and saw 2 of its levels.

You collected 67 gold pieces.


Innate Abilities, Weirdness & Mutations

Your plain brown scales are hard. (AC +5)
You cannot fit into any form of body armour.
You are cold-blooded and may be slowed by cold attacks.
You have a pair of horns on your head.


   Skills:
 + Level 3.1 Fighting
 - Level 1.7 Dodging
 + Level 4.4 Unarmed Combat
 + Level 2.6 Spellcasting
 + Level 3.2 Transmutations


You had 6 spell levels left.
You knew the following spells:

 Your Spells              Type           Power        Failure   Level  Hunger
t - Sticks to Snakes      Tmut           ##......     10%         2    ###....
z - Beastly Appendage     Tmut           ##....       6%          1    #......

Inventory:

Missiles
 a - 12 arrows
Jewellery
 O - a +3 ring of protection (left hand)
 Q - a ring of stealth (right hand)
Scrolls
 d - a scroll of enchant armour {unknown}
 e - a scroll of enchant weapon
 f - a scroll of immolation {unknown}
 g - 3 scrolls of identify {unknown}
Potions
 i - 2 potions of berserk rage {unknown}
Books
 b - a book of Changes

   Spells                             Type                      Level
   a - Beastly Appendage              Transmutation                1
   b - Sticks to Snakes               Transmutation                2
   c - Spider Form                    Transmutation/Poison         3
   d - Ice Form                       Ice/Transmutation            4
   e - Blade Hands                    Transmutation                5
Comestibles
 c - 3 bread rations {@e1}
 h - a meat ration {@e1}
 j - a royal jelly {@e3}
 k - 5 chunks of flesh

Dungeon Overview and Level Annotations

Branches:
Dungeon (2/15)

Altars:

Annotations:
D:2 Natasha

######## .......# .......#
.......# ###### .......# ......
...##### ####......
......##############.........
................@h............
....#.#..........5...........#.
...##.#.####.###.........#......#
......#....<........#'####.#.#..#
.######.......##....#........#..#
.#.....#............#...........
.#'###.####.........##.##....###
....##.# #.........##.......#..
....##.# #..###....##.......#.#


You could see Natasha and a shadow imp.


Message History

Natasha closely misses you.
Unknown command.
You barely miss Natasha.
Natasha is lightly wounded.
Your transformation is almost over.
The shadow imp hits you.
* * * LOW HITPOINT WARNING * * *
Natasha barely misses you.
The shadow imp hits you but does no damage.
You barely miss Natasha.
Natasha is lightly wounded.
Natasha claws you but does no damage. The shadow imp hits you.
* * * LOW HITPOINT WARNING * * *
Natasha claws you.
* * * LOW HITPOINT WARNING * * *
Some of the chunks of flesh in your inventory have rotted away.
You hit Natasha. You punch Natasha.
Natasha is severely wounded.
The shadow imp closely misses you.
Natasha stares at you and mumbles some strange words.
The magic dart hits you!
* * * LOW HITPOINT WARNING * * *
Unknown command.
You hit Natasha but do no damage.
Natasha is severely wounded.
The shadow imp shouts, "Run away, thou fawning beef-witted giglet!"
The shadow imp hits you.
* * * LOW HITPOINT WARNING * * *
Natasha claws you!
You die...

Skill      XL: |  1  2  3  4  5 |
---------------+----------------+-----
Fighting       | 2 3 |  3.1
Unarmed Combat | 4 |  4.4
Transmutations | 3 |  3.2
Dodging        | |  1.7
Spellcasting   | |  2.6

Action                   |  1- 3 |  4- 6 || total
-------------------------+-------+-------++-------
Melee: Unarmed           |   164 |   117 ||   281
       Tailslap          |    16 |    16 ||    32
       Headbutt          |    10 |     6 ||    16
       Kick              |     6 |     5 ||    11
       Punch             |     2 |     6 ||     8
 Cast: Beastly Appendage |    16 |    12 ||    28
  Use: Scroll            |       |     1 ||     1
 Stab: Sleeping          |     3 |     1 ||     4
  Eat: Chunk             |     2 |     4 ||     6
Armor: Skin              |    64 |    50 ||   114
Dodge: Dodged            |   114 |    81 ||   195

Vault maps used:
D:1:      dpeg_arrival_rooms_with_view, st_stairs_10, lemuel_flame_loot_1
D:2:      uniq_jessica, uniq_natasha

Notes
Turn   | Place    | Note
-------+----------+-------------------------------------------
     0 | D:1      | Jazqa the Draconian Transmuter began the quest for the Orb.
     0 | D:1      | Reached XP level 1. HP: 16/16 MP: 3/3
    30 | D:1      | Reached XP level 2. HP: 15/23 MP: 3/5
   138 | D:1      | HP: 2/24 [kobold/short sword (6)]
   530 | D:1      | Reached XP level 3. HP: 16/29 MP: 4/6
   540 | D:1      | Reached skill level 2 in Fighting
  1391 | D:2      | Reached skill level 4 in Unarmed Combat
  1391 | D:2      | Reached XP level 4. HP: 32/37 MP: 7/7
  1417 | D:2      | Learned a level 2 spell: Sticks to Snakes
  1452 | D:2      | Noticed Natasha
  1455 | D:2      | Noticed Jessica
  1460 | D:2      | Killed Jessica
  1471 | D:2      | Killed Natasha
  1471 | D:2      | Reached skill level 3 in Transmutations
  1842 | D:2      | Reached XP level 5. HP: 34/44 MP: 6/8
  2263 | D:2      | Noticed Natasha
  2279 | D:2      | Killed Natasha
  2279 | D:2      | Reached skill level 3 in Fighting
  2430 | D:2      | Noticed Natasha
  2443 | D:2      | HP: 4/45 [shadow imp[Natasha] (5)]
  2443 | D:2      | Slain by Natasha

Vanquished Creatures
  Jessica (D:2)
  Natasha (twice) (D:2)
  5 adders (D:2)
  A dart slug (D:1)
  4 leopard geckos (D:2)
  A ball python (D:1)
  6 giant cockroaches
  3 goblins
  10 hobgoblins
  10 jackals
  14 bats
  2 frilled lizards (D:1)
  9 kobolds
  4 rats (D:1)
72 creatures vanquished.

Vanquished Creatures (others)
  A frilled lizard (D:1)
1 creature vanquished.

Grand Total: 73 creatures vanquished
